 Dungeon Crawl Stone Soup version 0.29.1 (webtiles) character file.

Game seed: 13586289918198196552

518 groovy9 the Ruffian (level 7, -7/68 HPs)
             Began as a Troll Fighter on Sept 12, 2022.
             Mangled by a wyvern (14 damage)
             ... on level 4 of the Dungeon.
             The game lasted 00:10:44 (2964 turns).

groovy9 the Ruffian (Troll Fighter)                 Turns: 2964, Time: 00:10:45

Health: -7/68      AC:  4    Str: 25    XL:     7   Next: 1%
Magic:  6/6        EV:  8    Int:  6    God:
Gold:   196        SH:  8    Dex:  9    Spells: 6/6 levels left

rFire   . . .      SeeInvis .     - Unarmed
rCold   . . .      Faith    +   b - +0 kite shield
rNeg    . . .      Spirit   .   a - +0 robe
rPois   .          Reflect  .   (helmet restricted)
rElec   .          Harm     .   (no cloak)
rCorr   .          Rampage  .   (gloves unavailable)
Will    .....                   (boots unavailable)
Stlth   +.........              p - amulet of faith
HPRegen 1.01/turn               (no ring)
MPRegen 0.10/turn               (no ring)

@: on berserk cooldown, slowed, very slow
A: large, unfitting armour, claws 3, regeneration 1, shaggy fur 1, tough skin 1
a: no special abilities


You were on level 4 of the Dungeon.
You visited 1 branch of the dungeon, and saw 4 of its levels.

You collected 196 gold pieces.

Inventory:

Armour
 a - a +0 robe (worn)
 b - a +0 kite shield (worn)
Jewellery
 p - an amulet of faith (around neck)
 r - a ring of willpower
 t - an amulet of regeneration
Scrolls
 c - a scroll of immolation {unknown}
 m - a scroll of poison {unknown}
 n - a scroll of teleportation
 q - a scroll of summoning {unknown}
 s - a scroll of identify
Potions
 e - a potion of invisibility
 f - 4 potions of degeneration
 g - 3 potions of magic
 h - a potion of resistance {unknown}
 i - 2 potions of brilliance
 j - a potion of flight {unknown}
 k - a potion of mutation {unknown}
 l - a potion of ambrosia {unknown}
 o - a potion of curing {unknown}


   Skills:
 + Level 3.8 Fighting
 - Level 2.4 Dodging
 + Level 4.3 Shields
 * Level 5.5 Unarmed Combat


You had 6 spell levels left.
You didn't know any spells.
Your spell library contained the following spells:

 Spells                   Type           Power      Damage    Failure   Level
 Ensorcelled Hibernation  Hex/Ice        0%         N/A       86%         2
 Passwall                 Tmut/Erth      0%         N/A       86%         2
 Spider Form              Tmut/Pois      0%         N/A       98%         3
 Swiftness                Air            0%         N/A       98%         3
 Airstrike                Air            0%         2d(0-16)  100%        4
 Anguish                  Hex/Necr       0%         N/A       100%        4
 Summon Lightning Spire   Summ/Air       0%         N/A       100%        4
 Lightning Bolt           Conj/Air       0%         1d11      100%        5


Dungeon Overview and Level Annotations

Branches:
Dungeon (4/15)
 Temple: D:4-7

Altars:
Vehumet
Xom

Shops:
D:2 [


Innate Abilities, Weirdness & Mutations

You are too large for most types of armour.
You have claws for hands.
Your natural rate of healing is unusually fast.
You are covered in fur. (AC +1)
You have tough skin. (AC +1)


Message History

Pikel burns you. The lemure closely misses you.
You barely miss Pikel.
Pikel hits you with a +0 whip of flaming.
Pikel burns you. The lemure hits you. The lemure barely misses you.
The lemure hits you. The lemure closely misses you.
You mangle Pikel!!
Pikel is heavily wounded.
You scratch Pikel but do no damage.
Pikel is heavily wounded.
You are no longer berserk.
You are exhausted.
You feel yourself slow down. You block Pikel's attack.
You block the lemure's attack. x2; The lemure hits you.
The lemure barely misses you.
You claw Pikel!
Pikel is almost dead.
The wyvern bites you! Pikel closely misses you. The lemure barely misses you.
The lemure hits you but does no damage. The lemure hits you. x2
You block the wyvern's attack. The lemure hits you.
The lemure hits you but does no damage. x2
Pikel hits you with a +0 whip of flaming!
Pikel burns you. The lemure hits you.
You completely miss Pikel.
Pikel is almost dead.
The wyvern bites you!
* * * LOW HITPOINT WARNING * * *
You block the wyvern's attack.
Pikel hits you with a +0 whip of flaming.
* * * LOW HITPOINT WARNING * * *
Pikel burns you.
* * * LOW HITPOINT WARNING * * *
The lemure hits you but does no damage. The lemure hits you.
* * * LOW HITPOINT WARNING * * *
You block the lemure's attack. The lemure hits you.
* * * LOW HITPOINT WARNING * * *
You scratch Pikel.
You kill Pikel!
With Pikel's spell broken, his former minions thank you for their freedom.
The lemure departs this earthly plane. x4; The wyvern bites you!
You die...

#########. #.....#...
#......... #.......#
####.....# #........#
####.##.....# #
##....†...§l.######
######........#§@§.....#
................)§.....#
...###........##.......#
##.###........##.......#
#...#........##.......#
###...#..######.......#
##......# #.......#
###.......# #.......#
(.........## ...


You could see a wyvern.

Vanquished Creatures
  Pikel (D:4)
  Duvessa (D:4)
  Dowan (D:4)
  3 hounds
  An iguana (D:3)
  2 orc wizards (D:4)
  Natasha (twice) (D:2 D:1)
  3 gnolls (D:3)
  3 adders
  5 worms
  2 dart slugs
  3 orcs (D:4)
  6 bats
  6 endoplasms
  3 giant cockroaches
  8 goblins
  9 hobgoblins
  4 jackals
  4 kobolds
  3 quokkas
  9 ball pythons
  2 frilled lizards
  11 rats
92 creatures vanquished.

Vanquished Creatures (others)
  2 fungi
  5 plants (D:3)
7 creatures vanquished.

Grand Total: 99 creatures vanquished

Notes
Turn   | Place    | Note
-------+----------+-------------------------------------------
     0 | D:1      | groovy9 the Troll Fighter began the quest for the Orb.
     0 | D:1      | Reached XP level 1. HP: 22/22 MP: 0/0
   134 | D:1      | Found a faded altar of an unknown god.
   332 | D:1      | Reached XP level 2. HP: 29/29 MP: 1/1
  1023 | D:2      | Noticed Natasha
  1029 | D:2      | Killed Natasha
  1030 | D:2      | Reached skill level 3 in Unarmed Combat
  1030 | D:2      | Reached XP level 3. HP: 23/36 MP: 2/2
  1118 | D:2      | Noticed Natasha
  1158 | D:2      | Reached XP level 4. HP: 36/44 MP: 3/3
  1287 | D:2      | Found Soal's Antique Armour Shoppe.
  1409 | D:1      | Killed Natasha
  1687 | D:3      | Reached skill level 4 in Unarmed Combat
  1687 | D:3      | Reached XP level 5. HP: 53/53 MP: 4/4
  1704 | D:3      | Found a shimmering altar of Xom.
  2404 | D:4      | Noticed Duvessa
  2405 | D:4      | Noticed Dowan
  2411 | D:4      | Killed Duvessa
  2412 | D:4      | Reached XP level 6. HP: 48/61 MP: 5/5
  2420 | D:4      | Killed Dowan
  2421 | D:4      | Reached skill level 5 in Unarmed Combat
  2489 | D:4      | Found a radiant altar of Vehumet.
  2712 | D:4      | HP: 3/62 [orc wizard/puff of flame (8)]
  2949 | D:4      | Reached XP level 7. HP: 68/68 MP: 6/6
  2952 | D:4      | Noticed Pikel
  2956 | D:4      | Noticed a wyvern
  2964 | D:4      | Killed Pikel
  2964 | D:4      | Mangled by a wyvern

Illustrated notes

Levels and vault maps discovered:
D:1:      sevenhm_arrival_forest_fort_large_2, layout_loops_corners,
          shapermc_ecumenical_altar_gd, columned_hall_lemuel
D:2:      layout_rooms, serial_shops, shop, minmay_3d_cube, uniq_natasha
D:3:      layout_basic, mainiacjoe_overflow_chevrons, serial_bayou_ford_a,
          hangedman_abyss_or_decor_stabs, grunt_ministairs_1
D:4:      layout_rooms, mainiacjoe_overflow_small_starburst, uniq_duvessa,
          uniq_pikel

Skill      XL: |  1  2  3  4  5  6 |
---------------+-------------------+-----
Shields        | 3 4 |  4.3
Unarmed Combat | 3 4 5 |  5.5
Fighting       | 3 |  3.8
Dodging        | |  2.4

Action                   |  1- 3 |  4- 6 |  7- 9 || total
-------------------------+-------+-------+-------++-------
Melee: Unarmed           |    88 |   155 |     6 ||   249
  Use: Scroll            |     3 |     5 |     2 ||    10
       Potion            |       |     3 |     1 ||     4
 Stab: Sleeping          |     2 |       |       ||     2
Armor: Robe              |    27 |    59 |     5 ||    91
Dodge: Dodged            |    28 |    42 |     6 ||    76
Block: Kite shield       |    27 |    58 |     6 ||    91
